 Dungeon Crawl Stone Soup version 0.23.2-1-ga50397a (webtiles) character file.

Game seed: 10290030480176920937

1275 MalarOregon the Poker (level 8, -1/65 HPs)
             Began as a Merfolk Fighter on May 20, 2019.
             Slain by a wight
             ... wielding a +5 great sword of freezing
              (11 damage)
             ... in the Ecumenical Temple.
             The game lasted 00:08:03 (5272 turns).

MalarOregon the Poker (Merfolk Fighter)             Turns: 5272, Time: 00:08:04

Health: -1/65      AC:  7    Str: 19    XL:     8   Next: 53%
Magic:  0/8        EV:  7    Int:  7    God:
Gold:   209        SH:  9    Dex: 13    Spells: 7/7 levels left

rFire    . . .     SeeInvis .   t - +3 spear
rCold    . . .     Gourm    .   c - +0 shield
rNeg     . . .     Faith    .   b - +0 scale mail
rPois    .         Spirit   +   (no helmet)
rElec    .         Reflect  .   z - scarf {Spirit}
rCorr    .         Harm     .   (no gloves)
MR       .....                  p - +0 pair of boots
Stlth    ..........             (no amulet)
HPRegen  0.20/turn              (no ring)
MPRegen  0.11/turn              (no ring)

@: heavily drained
A: change form in water, swift swim, stealthy swim
a: no special abilities


You were in the Ecumenical Temple.
You were not hungry.

You visited 2 branches of the dungeon, and saw 5 of its levels.
You also visited: Ossuary.

You collected 209 gold pieces.

Inventory:

Hand Weapons
 a - a +0 trident
 r - a +0 spear of venom
   (You took it off a gnoll on level 3 of the Dungeon)
 t - a +3 spear (weapon)
   (You found it on level 1 of the Dungeon)
Armour
 b - a +0 scale mail (worn)
 c - a +0 shield (worn)
 p - a +0 pair of boots (worn)
   (You found it on level 3 of the Dungeon)
 z - a scarf of spirit shield (worn)
   (You found it on level 4 of the Dungeon)
Jewellery
 f - an uncursed amulet of magic regeneration {unknown}
   (You found it on level 2 of the Dungeon)
Wands
 x - a wand of acid (2)
   (You found it in an ossuary)
Scrolls
 g - 5 scrolls of identify {unknown}
 i - 2 scrolls of fog {unknown}
 j - a scroll of magic mapping {unknown}
 o - 3 scrolls of remove curse {unknown}
 q - 2 scrolls of immolation {unknown}
 u - a scroll of amnesia {unknown}
 v - a scroll of noise {unknown}
 y - a scroll of enchant weapon {unknown}
 B - 2 scrolls of enchant armour {unknown}
Potions
 d - 2 potions of invisibility {unknown}
 h - 4 potions of mutation {unknown}
 k - a potion of haste {unknown}
 l - a potion of flight {unknown}
 m - a potion of lignification {unknown}
 n - a potion of curing {unknown}
 s - a potion of heal wounds {unknown}
 w - 2 potions of degeneration {unknown}
Comestibles
 e - 10 rations {!d}
 A - 5 chunks of flesh


   Skills:
 + Level 6.3(3.8) Fighting
 + Level 7.7(5.1) Polearms
 + Level 4.3(2.0) Armour
 + Level 5.8(3.3) Shields


You had 7 spell levels left.
You didn't know any spells.
Your spell library was empty.

Dungeon Overview and Level Annotations

Branches:
Dungeon (4/15)             Temple (1/1) D:4

Altars:
Ashenzari
Cheibriados
Dithmenos
Makhleb
Sif Muna
Trog
Vehumet
The Shining One


Message History

The wight freezes you.
You closely miss the wight. You hit the wight.
You destroy the wight!
You closely miss the wight.
The wight hits you with a +5 great sword of freezing!
You feel drained. The wight freezes you.
The wight hits you from afar with a +0 spear.
* * * LOW HITPOINT WARNING * * *
You feel drained.
* * * LOW HITPOINT WARNING * * *
You closely miss the wight. The wight barely misses you.
You block the wight's attack.
You hit the wight. The wight hits you but does no damage.
You barely miss the wight.
The wight hits you with a +5 great sword of freezing.
* * * LOW HITPOINT WARNING * * *
The wight freezes you.
* * * LOW HITPOINT WARNING * * *
The wight hits you from afar with a +0 spear.
* * * LOW HITPOINT WARNING * * *
You feel drained.
You closely miss the wight. The wight barely misses you.
The wight hits you from afar with a +0 spear.
* * * LOW HITPOINT WARNING * * *
You feel drained.
Unknown command.
The frilled lizard hisses angrily.
You see here a scale mail.
Found an escape hatch in the floor.
The wight barely misses you. The wight hits you but does no damage.
There is a staircase to the Ecumenical Temple here.
You climb downwards.
Welcome to the Ecumenical Temple!
Found a shadowy altar of Dithmenos and a bloodstained altar of Trog.
There is a staircase back to the Dungeon here.
You puncture the wight!
The wight hits you with a +5 great sword of freezing!
* * * LOW HITPOINT WARNING * * *
You feel drained.
* * * LOW HITPOINT WARNING * * *
The wight freezes you.
* * * LOW HITPOINT WARNING * * *
Found a snail-covered altar of Cheibriados.
Found a glowing golden altar of the Shining One.
Found a shattered altar of Ashenzari.
Found a burning altar of Makhleb.
Found a deep blue altar of Sif Muna.
The wight hits you with a +5 great sword of freezing!
You die...

####################
.....#_#...........#
#.#.......#.#......#
...#.....#...#.z#..#
._..##.##.._..##@###
...#..#..#...#..#..#
#.#.......#.#......#
.....#.#.......#.#.#
.#..#...#..#..#...##
#.##.._..##.##.._
.#..#...#..#. #.
.....#.#...
..........


You could see a wight.

Vanquished Creatures
  2 wraiths (Ossuary)
  Menkaure (D:4)
  2 ogres
  4 wights
  A crimson imp (D:3)
  An orc priest (D:3)
  A hound (D:4)
  An orc wizard (D:3)
  Terence (D:1)
  Natasha (thrice) (D:1)
  An iguana (D:4)
  A worker ant (D:4)
  A hound skeleton (D:4)
  A mummy (D:4)
  6 gnolls (D:3)
  4 adders
  An adder skeleton (D:4)
  An adder zombie (Ossuary)
  4 leopard geckos (D:1)
  17 orcs
  3 giant cockroaches
  4 goblins
  4 hobgoblins
  16 jackals
  6 kobolds
  2 quokkas
  A ball python (D:1)
  10 bats
  8 frilled lizards
  2 hobgoblin zombies (Ossuary)
  A jackal skeleton (D:4)
  5 kobold zombies
  3 orc skeletons (Ossuary)
  12 rats
131 creatures vanquished.

Vanquished Creatures (others)
  A kobold (D:2)
  A rat (D:2)
2 creatures vanquished.

Grand Total: 133 creatures vanquished

Notes
Turn   | Place    | Note
-------+----------+-------------------------------------------
     0 | D:1      | MalarOregon the Merfolk Fighter began the quest for the
                  | Orb.
     0 | D:1      | Reached XP level 1. HP: 18/18 MP: 1/1
    96 | D:1      | Reached XP level 2. HP: 17/24 MP: 2/2
   697 | D:1      | Reached XP level 3. HP: 23/29 MP: 3/3
  1127 | D:2      | Noticed Terence
  1129 | D:2      | Noticed Natasha
  1144 | D:1      | Killed Terence
  1144 | D:1      | Reached XP level 4. HP: 37/37 MP: 4/4
  1163 | D:1      | Killed Natasha
  1163 | D:1      | Reached skill level 4 in Polearms
  1444 | D:2      | Found a radiant altar of Vehumet.
  1849 | D:1      | Noticed Natasha
  1857 | D:1      | Killed Natasha
  1857 | D:1      | Reached XP level 5. HP: 33/42 MP: 5/5
  1931 | D:1      | Noticed Natasha
  1935 | D:1      | Killed Natasha
  2727 | D:3      | Reached skill level 5 in Polearms
  2727 | D:3      | Reached XP level 6. HP: 47/49 MP: 6/6
  3967 | D:3      | Reached skill level 5 in Fighting
  3967 | D:3      | Reached XP level 7. HP: 29/56 MP: 7/7
  3974 | D:3      | Reached skill level 6 in Polearms
  4089 | D:4      | Noticed Menkaure
  4101 | D:4      | Killed Menkaure
  4101 | D:4      | Reached skill level 5 in Shields
  4143 | D:4      | Found a sand-covered staircase.
  4194 | Ossuary  | Entered an ossuary
  4498 | Ossuary  | Noticed a flying skull
  4498 | Ossuary  | Noticed a wraith
  4531 | Ossuary  | Noticed a flying skull
  4540 | Ossuary  | Noticed a wraith
  4560 | Ossuary  | Killed a wraith
  4560 | Ossuary  | Reached skill level 7 in Polearms
  4560 | Ossuary  | Reached XP level 8. HP: 34/64 MP: 8/8
  4712 | Ossuary  | Noticed a flying skull
  4747 | Ossuary  | Noticed a wraith
  4763 | Ossuary  | Killed a wraith
  5201 | D:4      | Found a staircase to the Ecumenical Temple.
  5248 | Temple   | Entered the Ecumenical Temple
  5272 | Temple   | Slain by a wight

Skill      XL: |  1  2  3  4  5  6  7  8 |
---------------+-------------------------+-----
Fighting       | 4 5 6 |  6.3
Polearms       | 4 5 7 |  7.7
Shields        | 4 5 |  5.8
Armour         | 3 4 |  4.3

Action                   |  1- 3 |  4- 6 |  7- 9 || total
-------------------------+-------+-------+-------++-------
Melee: Trident           |   150 |   129 |       ||   279
       Spear             |       |   115 |   171 ||   286
Evoke: Wand              |       |       |     4 ||     4
  Use: Potion            |       |     1 |     1 ||     2
  Eat: Chunk             |     1 |     9 |     1 ||    11
       Ration            |       |       |     1 ||     1
Armor: Scale mail        |    73 |    67 |    44 ||   184
Dodge: Dodged            |    35 |    45 |    27 ||   107
Block: Shield            |    79 |   119 |    45 ||   243
